MWL
APPLETON FOXES @ WISCONSIN RAPIDS TIMBER RATTLERS
05/05/1981
 
TOP OF THE 1ST
Appleton Foxes batting - Pitching for Wisconsin Rapids Timber Rattlers : RHP Clint Wickensheimer
Pitching: RHP Clint Wickensheimer
Batting: LHB John Csefalvay 0-0: Foul Ball, location: 2F
0-1: Reached on error, E4 (Groundball, 4MS, EV 78.1 MPH)
Batting: RHB George Hinshaw 0-0: Swinging Strike
0-1: Ball
1-1: Ball
2-1: Ball
3-1: Called Strike
3-2: Base on Balls
Batting: LHB Tim Knight 0-0: Called Strike
0-1: Foul Ball, location: 2F
0-2: Foul Ball, location: 2F
0-2: SINGLE (Groundball, 6M, EV 95.6 MPH)
John Csefalvay to third
George Hinshaw to second
Runner from 3rd tries for Home, SAFE, no throw by CF
Batting: RHB Douglas Lulay 0-0: Ball
1-0: Called Strike
1-1: SINGLE (Groundball, 4MD, EV 95.0 MPH)
George Hinshaw to third
Tim Knight to second
Batting: RHB Rick Stromer 0-0: Foul Ball, location: 2F
0-1: Ball
1-1: Ball
2-1: SINGLE (Line Drive, 6MD, EV 96.9 MPH)
George Hinshaw scores
Tim Knight to third
Douglas Lulay to second
Runner from 3rd tries for Home, SAFE, throw by CF to home
Batting: RHB Elias Corona 0-0: Fly out, F8 (Line Drive, 8LM, EV 93.8 MPH)
Batting: RHB Walter Steele 0-0: Ball
1-0: Fly out, F8 (Flyball, 8LD, EV 94.4 MPH)
Batting: SHB Matt Gallegos 0-0: Ball
1-0: Ball
2-0: Swinging Strike
2-1: Foul Ball, location: 2F
2-2: Ball
3-2: Foul Ball, location: 2F
3-2: SINGLE (Groundball, 6MD, EV 100.6 MPH)
Douglas Lulay to third
Rick Stromer to second
Douglas Lulay scores
Rick Stromer to third
Batting: RHB Philip Sutton 0-0: Swinging Strike
0-1: Ground out 6-3 (Groundball, 6S, EV 69.4 MPH)
Top of the 1st over - 4 runs, 4 hits, 1 error, 2 left on base; Appleton 4 - Wisconsin Rapids 0
BOTTOM OF THE 1ST
Wisconsin Rapids Timber Rattlers batting - Pitching for Appleton Foxes : RHP James Laughton
Pitching: RHP James Laughton
Batting: RHB Tom Howser 0-0: Ball
1-0: Called Strike
1-1: Called Strike
1-2: Ball
2-2: Ground out 6-3 (Groundball, 6, EV 78.1 MPH)
Batting: LHB Richard Berg 0-0: Ball
1-0: Ball
2-0: Ball
3-0: Base on Balls
Batting: RHB Vincent Bienek 0-0: Ball
1-0: Called Strike
1-1: Foul Ball, location: 2F
1-2: Ball
2-2: Ball
3-2: Base on Balls
Richard Berg to second
Batting: RHB Bill Worden 0-0: Ball
1-0: Fly out, F9 (Flyball, 9LM, EV 98.1 MPH)
Runner from 2nd tags up, SAFE at 3rd, no throw by RF
Batting: LHB Jerry George 0-0: Called Strike
0-1: Ball
1-1: Ball
2-1: Ball
3-1: Foul Ball, location: 2F
3-2: Base on Balls
Vincent Bienek to second
Batting: LHB Steve Macko 0-0: Foul Ball, location: 2F
0-1: Swinging Strike
0-2: Fly out, F8 (Flyball, 8RM, EV 91.3 MPH)
Bottom of the 1st over - 0 runs, 0 hits, 0 errors, 3 left on base; Appleton 4 - Wisconsin Rapids 0
TOP OF THE 2ND
Appleton Foxes batting - Pitching for Wisconsin Rapids Timber Rattlers : RHP Clint Wickensheimer
Batting: LHB John Csefalvay 0-0: Called Strike
0-1: Ball
1-1: Swinging Strike
1-2: Foul Ball, location: 2F
1-2: Strikes out swinging
Batting: RHB George Hinshaw 0-0: Ball
1-0: Ball
2-0: Called Strike
2-1: Called Strike
2-2: Strikes out looking
Batting: LHB Tim Knight 0-0: Called Strike
0-1: Ball
1-1: SINGLE (Line Drive, 78S, EV 108.8 MPH)
Batting: RHB Douglas Lulay 0-0: Swinging Strike
0-1: Called Strike
0-2: Ball
1-2: Strikes out looking
Top of the 2nd over - 0 runs, 1 hit, 0 errors, 1 left on base; Appleton 4 - Wisconsin Rapids 0
BOTTOM OF THE 2ND
Wisconsin Rapids Timber Rattlers batting - Pitching for Appleton Foxes : RHP James Laughton
Batting: RHB Charles Stafford 0-0: Ball
1-0: Ball
2-0: Ball
3-0: Called Strike
3-1: Base on Balls
Batting: LHB Jeff Kenaga 0-0: Ball
1-0: Swinging Strike
1-1: Called Strike
1-2: Strikes out swinging
Batting: RHB Kelvin Chapman 0-0: Foul Ball, location: 2F
0-1: Foul Ball, location: 2F
0-2: Foul Ball, location: 2F
0-2: Strikes out looking
Batting: RHB Tom Howser 0-0: Called Strike
0-1: Ball
1-1: Ball
2-1: Ball
3-1: Foul Ball, location: 2F
3-2: Fly out, F6 (Line Drive, 6, EV 71.3 MPH)
Bottom of the 2nd over - 0 runs, 0 hits, 0 errors, 1 left on base; Appleton 4 - Wisconsin Rapids 0
TOP OF THE 3RD
Appleton Foxes batting - Pitching for Wisconsin Rapids Timber Rattlers : RHP Clint Wickensheimer
Batting: RHB Rick Stromer 0-0: Ball
1-0: Ball
2-0: Ball
3-0: Base on Balls
Batting: RHB Elias Corona 0-0: Ball
1-0: Called Strike
1-1: Called Strike
Rick Stromer steals 2nd, throwing error, E2
Rick Stromer to third
1-2: SINGLE (Line Drive, 89S, EV 91.9 MPH)
Rick Stromer scores
Batting: RHB Walter Steele 0-0: Ball
1-0: Ball
2-0: Foul Ball, location: 2F
2-1: SINGLE (Groundball, 34D, EV 98.1 MPH)
Elias Corona to second
Runner from 2nd tries for 3rd, SAFE, throw by RF made to third
Batting: SHB Matt Gallegos 0-0: Ball
1-0: Fly out, F9 (Flyball, 89S, EV 96.3 MPH)
Batting: RHB Philip Sutton 0-0: Ball
1-0: Ball
2-0: Foul Ball, location: 3F, Error on foul ball, E3
2-1: Called Strike
2-2: SINGLE (Line Drive, 34, EV 96.9 MPH)
Elias Corona scores
Walter Steele to second
Walter Steele to third
Batting: LHB John Csefalvay 0-0: Called Strike
0-1: Ball
Philip Sutton is caught stealing 2nd base 2-6
1-1: DOUBLE (Line Drive, 78XD, EV 96.3 MPH)
Walter Steele scores
Pitching: RHP Steve Brown
Batting: RHB George Hinshaw 0-0: Ball
1-0: Ball
2-0: Ball
3-0: Base on Balls
Batting: LHB Tim Knight 0-0: Ball
1-0: SINGLE (Line Drive, 78S, EV 105.0 MPH)
John Csefalvay to third
George Hinshaw to second
Runner from 3rd tries for Home, SAFE, no throw by LF
Batting: RHB Douglas Lulay 0-0: Ball
1-0: Reached on error, E5 (Flyball, 5D, EV 86.3 MPH)
George Hinshaw to third
Tim Knight to second
Batting: RHB Rick Stromer 0-0: Foul Ball, location: 2F
0-1: Foul Ball, location: 2F
0-2: Ball
1-2: Foul Ball, location: 2F
1-2: Strikes out swinging
Top of the 3rd over - 4 runs, 5 hits, 3 errors, 3 left on base; Appleton 8 - Wisconsin Rapids 0
BOTTOM OF THE 3RD
Wisconsin Rapids Timber Rattlers batting - Pitching for Appleton Foxes : RHP James Laughton
Batting: LHB Richard Berg 0-0: Called Strike
0-1: Ball
1-1: Ground out 4-3 (Groundball, 4M, EV 93.8 MPH)
Batting: RHB Vincent Bienek 0-0: Foul Ball, location: 2F
0-1: Fly out, F8 (Flyball, 78M, EV 86.9 MPH)
Batting: RHB Bill Worden 0-0: Ball
1-0: Ground out 6-3 (Groundball, 6, EV 104.4 MPH)
Bottom of the 3rd over - 0 runs, 0 hits, 0 errors, 0 left on base; Appleton 8 - Wisconsin Rapids 0
TOP OF THE 4TH
Appleton Foxes batting - Pitching for Wisconsin Rapids Timber Rattlers : RHP Steve Brown
Batting: RHB Elias Corona 0-0: Called Strike
0-1: SINGLE (Groundball, 4MD, EV 98.8 MPH)
Batting: RHB Walter Steele 0-0: Foul Ball, location: 2F
0-1: Foul Ball, location: 2F
0-2: Foul Ball, location: 2F
0-2: Fly out, F6 (Popup, 6MS, EV 65.6 MPH)
Batting: SHB Matt Gallegos 0-0: Called Strike
0-1: Fielders Choice at 2nd, 1-6 (Groundball, 13, EV 66.3 MPH)
Batting: RHB Philip Sutton 0-0: Called Strike
0-1: Ball
1-1: Ball
2-1: SINGLE (Groundball, 5D, EV 103.1 MPH)
Matt Gallegos to second
Batting: LHB John Csefalvay 0-0: Called Strike
0-1: Called Strike
0-2: SINGLE (Line Drive, 8RM, EV 93.8 MPH)
Matt Gallegos to third
Philip Sutton to second
Runner from 3rd tries for Home, SAFE, no throw by CF
Batting: RHB George Hinshaw 0-0: Foul Ball, location: 2F
0-1: Ball
1-1: SINGLE (Groundball, 6M, EV 78.8 MPH) (infield hit)
Philip Sutton to third
John Csefalvay to second
Batting: LHB Tim Knight 0-0: Ball
1-0: Swinging Strike
1-1: Ball
2-1: GRAND SLAM HOME RUN (Line Drive, 89XD, EV 107.5 MPH), Distance : 399 ft
Pitching: RHP Phillip Hinrichs
Batting: RHB Douglas Lulay 0-0: Ball
1-0: Fly out, F6 (Flyball, 6D, EV 91.9 MPH)
Top of the 4th over - 5 runs, 5 hits, 0 errors, 0 left on base; Appleton 13 - Wisconsin Rapids 0
BOTTOM OF THE 4TH
Wisconsin Rapids Timber Rattlers batting - Pitching for Appleton Foxes : RHP James Laughton
Batting: LHB Jerry George 0-0: Called Strike
0-1: Ball
1-1: Foul Ball, location: 2F
1-2: Ball
2-2: Foul Ball, location: 2F
2-2: Fly out, F7 (Flyball, 7LM, EV 85.0 MPH)
Batting: LHB Steve Macko 0-0: Called Strike
0-1: Fly out, F8 (Flyball, 89D, EV 99.4 MPH)
Batting: RHB Charles Stafford 0-0: Ground out 4-3 (Groundball, 4, EV 108.8 MPH)
Bottom of the 4th over - 0 runs, 0 hits, 0 errors, 0 left on base; Appleton 13 - Wisconsin Rapids 0
TOP OF THE 5TH
Appleton Foxes batting - Pitching for Wisconsin Rapids Timber Rattlers : RHP Phillip Hinrichs
Batting: RHB Rick Stromer 0-0: Fly out, F7 (Flyball, 7S, EV 89.4 MPH)
Batting: RHB Elias Corona 0-0: Ball
1-0: Foul Ball, location: 2F
1-1: Ball
2-1: Foul Ball, location: 2F
2-2: Ball
3-2: Base on Balls
Batting: RHB Walter Steele 0-0: Swinging Strike
0-1: Ball
1-1: Ball
2-1: Foul Ball, location: 2F
2-2: Strikes out swinging
Batting: SHB Matt Gallegos 0-0: Ball
1-0: Fly out, F8 (Flyball, 8RM, EV 86.3 MPH)
Top of the 5th over - 0 runs, 0 hits, 0 errors, 1 left on base; Appleton 13 - Wisconsin Rapids 0
BOTTOM OF THE 5TH
Wisconsin Rapids Timber Rattlers batting - Pitching for Appleton Foxes : RHP James Laughton
Batting: LHB Jeff Kenaga 0-0: Ball
1-0: Ball
2-0: Ball
3-0: Fly out, F7 (Flyball, 7D, EV 74.4 MPH)
Batting: RHB Kelvin Chapman 0-0: Called Strike
0-1: Ball
1-1: Foul Ball, location: 2F
1-2: Ball
2-2: Ball
3-2: Ground out 5-3 (Groundball, 56D, EV 103.1 MPH)
Batting: RHB Tom Howser 0-0: Foul Ball, location: 2F
0-1: Foul Ball, location: 2F
0-2: Ball
1-2: Ground out 6-3 (Groundball, 6S, EV 73.1 MPH)
Bottom of the 5th over - 0 runs, 0 hits, 0 errors, 0 left on base; Appleton 13 - Wisconsin Rapids 0
TOP OF THE 6TH
Appleton Foxes batting - Pitching for Wisconsin Rapids Timber Rattlers : RHP Phillip Hinrichs
Batting: RHB Philip Sutton 0-0: Called Strike
0-1: Called Strike
0-2: Strikes out looking
Batting: LHB John Csefalvay 0-0: Ball
1-0: Foul Ball, location: 2F
1-1: Ground out 1-3 (Groundball, 23, EV 69.4 MPH)
Batting: RHB George Hinshaw 0-0: Ball
1-0: Ground out 5-3 (Groundball, 56S, EV 89.4 MPH)
Top of the 6th over - 0 runs, 0 hits, 0 errors, 0 left on base; Appleton 13 - Wisconsin Rapids 0
BOTTOM OF THE 6TH
Wisconsin Rapids Timber Rattlers batting - Pitching for Appleton Foxes : RHP James Laughton
Batting: LHB Richard Berg 0-0: Ball
1-0: SINGLE (Flyball, 34D, EV 93.1 MPH)
Batting: RHB Vincent Bienek 0-0: Ball
1-0: TRIPLE (Line Drive, 78XD, EV 110.0 MPH)
Richard Berg scores
Batting: RHB Bill Worden 0-0: Ball
1-0: Swinging Strike
1-1: Called Strike
1-2: Ball
2-2: Foul Ball, location: 2F
2-2: Foul Ball, location: 2F
2-2: Ball
3-2: Base on Balls
Batting: LHB Jerry George 0-0: Ball
1-0: Called Strike
1-1: Ball
2-1: Ball
3-1: Base on Balls
Bill Worden to second
Batting: LHB Steve Macko 0-0: Ball
1-0: TRIPLE (Flyball, 78XD, EV 107.5 MPH)
Vincent Bienek scores
Bill Worden scores
Jerry George scores
Batting: RHB Charles Stafford 0-0: Ball
Wild Pitch!
Steve Macko scores
1-0: Called Strike
1-1: Called Strike
1-2: Ground out 4-3 (Groundball, 4M, EV 87.5 MPH)
Pitching: LHP Miguel Santa Cruz
Batting: LHB Jeff Kenaga 0-0: Ball
1-0: Ball
2-0: Foul Ball, location: 2F
2-1: Ball
3-1: Swinging Strike
3-2: Strikes out swinging
Batting: RHB Kelvin Chapman 0-0: Swinging Strike
0-1: Swinging Strike
0-2: Ball
1-2: Ball
2-2: Foul Ball, location: 2F
2-2: Ground out 4-3 (Groundball, 4, EV 91.9 MPH)
Bottom of the 6th over - 5 runs, 3 hits, 0 errors, 0 left on base; Appleton 13 - Wisconsin Rapids 5
TOP OF THE 7TH
Appleton Foxes batting - Pitching for Wisconsin Rapids Timber Rattlers : RHP Phillip Hinrichs
Pinch Hitting: RHB Scott Loucks 0-0: SINGLE (Groundball, 6, EV 100.0 MPH)
Pinch Hitting: RHB Stephen Kesses 0-0: Ball
1-0: DOUBLE (Groundball, 5L, EV 102.5 MPH)
Scott Loucks to third
Runner from 3rd tries for Home, SAFE, no throw by LF
Pitching: RHP Earl Weaver
Pinch Hitting: RHB Robert Motta 0-0: Ball
1-0: Foul Ball, location: 2F
1-1: Foul Ball, location: 2F
1-2: Ball
2-2: Foul Ball, location: 2F
2-2: Foul Ball, location: 2F
2-2: Ball
3-2: Fly out, F8 (Flyball, 8RD, EV 99.4 MPH)
Batting: RHB Elias Corona 0-0: Reached on error, E6 (Groundball, 6S, EV 86.3 MPH)
Stephen Kesses scores
Batting: RHB Walter Steele 0-0: Ball
1-0: Called Strike
1-1: Ball
2-1: Called Strike
2-2: Strikes out looking
Batting: SHB Matt Gallegos 0-0: Called Strike
0-1: Ball
1-1: Fly out, F8 (Flyball, 8LM, EV 82.5 MPH)
Top of the 7th over - 2 runs, 2 hits, 1 error, 1 left on base; Appleton 15 - Wisconsin Rapids 5
BOTTOM OF THE 7TH
Wisconsin Rapids Timber Rattlers batting - Pitching for Appleton Foxes : LHP Miguel Santa Cruz
Now at 3B: Robert Motta
Now in LF: Stephen Kesses
Now in CF: Scott Loucks
Batting: RHB Tom Howser 0-0: Ground out 4-3 (Groundball, 4, EV 100.6 MPH)
Pinch Hitting: LHB Jimmy Hickman 0-0: Foul Ball, location: 2F
0-1: Called Strike
0-2: Foul Ball, location: 2F
0-2: Foul Ball, location: 2F
0-2: Strikes out swinging, 2-3 out at first.
Batting: RHB Vincent Bienek 0-0: Ground out 5-3 (Groundball, 56, EV 105.6 MPH)
Bottom of the 7th over - 0 runs, 0 hits, 0 errors, 0 left on base; Appleton 15 - Wisconsin Rapids 5
TOP OF THE 8TH
Appleton Foxes batting - Pitching for Wisconsin Rapids Timber Rattlers : RHP Earl Weaver
Now in RF: Jimmy Hickman
Batting: RHB Philip Sutton 0-0: Ball
1-0: Swinging Strike
1-1: Ball
2-1: SINGLE (Flyball, 5D, EV 91.3 MPH)
Pinch Hitting: RHB Paul Herring 0-0: Foul Ball, location: 2F
0-1: Foul Ball, location: 2F
0-2: Fly out, F7 (Flyball, 7LS, EV 81.3 MPH)
Batting: RHB George Hinshaw 0-0: Ball
1-0: SINGLE (Line Drive, 6MD, EV 99.4 MPH)
Philip Sutton to second
Batting: RHB Scott Loucks 0-0: Ball
1-0: Fly out, F8 (Flyball, 8RXD, EV 99.4 MPH)
Runner from 2nd tags up, SAFE at 3rd, no throw by CF
Batting: RHB Stephen Kesses 0-0: Called Strike
0-1: Ball
1-1: Foul Ball, location: 2F
1-2: Ball
2-2: Foul Ball, location: 2F
2-2: Ball
3-2: Fly out, F7 (Flyball, 7, EV 88.1 MPH)
Top of the 8th over - 0 runs, 2 hits, 0 errors, 2 left on base; Appleton 15 - Wisconsin Rapids 5
BOTTOM OF THE 8TH
Wisconsin Rapids Timber Rattlers batting - Pitching for Appleton Foxes : LHP Miguel Santa Cruz
Now in RF: Paul Herring
Batting: RHB Bill Worden 0-0: Swinging Strike
0-1: Swinging Strike
0-2: Ball
1-2: Ball
2-2: Ball
3-2: Strikes out swinging
Batting: LHB Jerry George 0-0: Ground out 1-3 (Groundball, 13S, EV 68.1 MPH)
Pinch Hitting: RHB Tom Ginther 0-0: Called Strike
0-1: Ball
1-1: Foul Ball, location: 2F
1-2: Ball
2-2: Fly out, F6 (Popup, 6M, EV 75.0 MPH)
Bottom of the 8th over - 0 runs, 0 hits, 0 errors, 0 left on base; Appleton 15 - Wisconsin Rapids 5
TOP OF THE 9TH
Appleton Foxes batting - Pitching for Wisconsin Rapids Timber Rattlers : RHP Earl Weaver
Now at 3B: Tom Ginther
Batting: RHB Robert Motta 0-0: Called Strike
0-1: Ball
1-1: Ball
2-1: Foul Ball, location: 2F
2-2: Ball
3-2: Foul Ball, location: 2F
3-2: Strikes out swinging
Batting: RHB Elias Corona 0-0: Called Strike
0-1: Ball
1-1: Ball
2-1: Swinging Strike
2-2: Fly out, F7 (Line Drive, 7D, EV 90.6 MPH)
Batting: RHB Walter Steele 0-0: Ball
1-0: Fly out, F9 (Flyball, 9D, EV 94.4 MPH)
Top of the 9th over - 0 runs, 0 hits, 0 errors, 0 left on base; Appleton 15 - Wisconsin Rapids 5
BOTTOM OF THE 9TH
Wisconsin Rapids Timber Rattlers batting - Pitching for Appleton Foxes : LHP Miguel Santa Cruz
Batting: RHB Charles Stafford 0-0: Foul Ball, location: 2F
0-1: Ball
1-1: Ball
2-1: Ball
3-1: Foul Ball, location: 2F
3-2: SINGLE (Groundball, 56D, EV 101.3 MPH)
Batting: LHB Jeff Kenaga 0-0: Swinging Strike
0-1: Foul Ball, location: 2F
0-2: Fielders Choice at 2nd, 1-6 (Groundball, 13S, EV 68.1 MPH)
Batting: RHB Kelvin Chapman 0-0: Fly out, F9 (Flyball, 9D, EV 102.5 MPH)
Batting: RHB Tom Howser 0-0: Called Strike
0-1: Ball
1-1: Ball
2-1: Fielders Choice at 2nd, 6-4 (Groundball, 6, EV 101.9 MPH)
Bottom of the 9th over - 0 runs, 1 hit, 0 errors, 1 left on base; Appleton 15 - Wisconsin Rapids 5
Sunday, June 21st, 2020 - OOTP Baseball 21.4 Build 63